 Dungeon Crawl Stone Soup version 0.29-a0-330-g52719c12eb (webtiles) character file.

Game seed: 14127257320315204786

130262 dohliylev the Brawler (level 16, -7/154 HPs)
             Began as a Troll Gladiator on May 11, 2022.
             Was the Champion of Okawaru.
             Mangled by a catoblepas (11 damage)
             ... led by Polyphemus
             ... while petrified by a catoblepas
             ... on level 2 of the Shoals.
             The game lasted 02:08:26 (28939 turns).

dohliylev the Brawler (Troll Gladiator)            Turns: 28939, Time: 02:08:27

Health: -7/154     AC: 18    Str: 34    XL:     16   Next: 52%
Magic:  0/15       EV:  1    Int:  4    God:    Okawaru [******]
Gold:   3241       SH:  0    Dex: 11    Spells: 15/15 levels left

rFire   . . .      SeeInvis .     - Unarmed
rCold   . . .      Faith    .   h - +0 kite shield of the Kangaroo {rElec}
rNeg    + + +      Spirit   +   T - +0 pearl dragon scales
rPois   ∞          Reflect  .   H - +2 hat
rElec   +          Harm     .   i - +2 cloak
rCorr   .          Rampage  .   (gloves unavailable)
Will    +....                   (boots unavailable)
Stlth   ..........              n - amulet of guardian spirit
HPRegen 1.15/turn               g - +4 ring of evasion
MPRegen 0.14/turn               q - +4 ring of evasion

@: petrified, mesmerised
A: large, unfitting armour, claws 3, regeneration 1, shaggy fur 1, tough skin 1,
horns 1, electricity resistance, strong 1
a: Renounce Religion, Heroism, Finesse, Duel


You were on level 2 of the Shoals.
You worshipped Okawaru.
Okawaru was exalted by your worship.
You visited 5 branches of the dungeon, and saw 26 of its levels.
You also visited: Ossuary.

You collected 3241 gold pieces.

Inventory:

Hand Weapons
 Y - the +9 trident of the Special Coins {vorpal, rCorr Int+8 Dex-3}
   (You took it off a spriggan on level 10 of the Dungeon)

   It inflicts extra damage upon your enemies.
   Int:       It affects your intelligence (+8).
   Dex:       It affects your dexterity (-3).
   rCorr:     It protects you from acid and corrosion.
Missiles
 D - 2 silver javelins
 K - 28 large rocks (quivered)
 R - 3 boomerangs of dispersal
 U - 4 silver boomerangs
 W - 2 javelins
Armour
 h - the +0 kite shield of the Kangaroo (worn) {rElec}
   (Okawaru gifted it to you on level 10 of the Dungeon)

   rElec:     It insulates you from electricity.
 i - a +2 cloak (worn)
 k - a +1 kite shield of reflection
 y - the +4 robe of Parts Unknown {rF+ Will++}
   (You found it on level 4 of the Dungeon)

   rF:        It protects you from fire.
   Will:      It greatly increases your willpower.
 H - a +2 hat (worn)
 N - +0 steam dragon scales
 O - a scarf of resistance
 S - +0 acid dragon scales
 T - +0 pearl dragon scales (worn)
Jewellery
 b - a ring of protection from fire
 g - a +4 ring of evasion (left claw)
 l - a ring of protection from fire
 n - an amulet of guardian spirit (around neck)
 q - a +4 ring of evasion (right claw)
 v - a ring of see invisible
 Q - a +6 ring of strength
 Z - a ring of ice
Wands
 d - a wand of iceblast (23)
 j - a wand of mindburst (11)
 r - a wand of acid (19)
 t - a wand of digging (8)
 F - a wand of paralysis (31)
Scrolls
 c - a scroll of holy word
 m - 5 scrolls of fog
 s - 8 scrolls of teleportation
 w - a scroll of blinking
 z - 6 scrolls of enchant weapon
 G - a scroll of silence
 I - 9 scrolls of fear
 L - 5 scrolls of enchant armour
 M - 2 scrolls of brand weapon
 X - 2 scrolls of magic mapping
Potions
 e - a potion of might
 f - 19 potions of curing
 o - 4 potions of invisibility
 u - 3 potions of brilliance
 x - 5 potions of magic
 A - a potion of resistance
 B - 4 potions of cancellation
 C - 3 potions of heal wounds
 E - 2 potions of haste
 P - a potion of berserk rage
 V - a potion of ambrosia
Miscellaneous
 a - a condenser vane
 p - a phial of floods
 J - a lightning rod (4/4)


   Skills:
 + Level 8.9 Fighting
 + Level 0.2(0.3) Short Blades
 - Level 0.4 Long Blades
 + Level 0.3(1.0) Axes
 + Level 0.2(0.4) Maces & Flails
 - Level 1.4(1.5) Polearms
 + Level 0.2(0.9) Staves
 + Level 0.3(3.8) Slings
 + Level 0.1 Bows
 + Level 0.1 Crossbows
 + Level 8.1 Throwing
 - Level 4.0 Armour
 + Level 12.8 Dodging
 - Level 8.0 Shields
 + Level 19.9 Unarmed Combat
 + Level 0.3 Conjurations
 + Level 0.1 Hexes
 + Level 0.1 Summonings
 + Level 0.2 Necromancy
 + Level 0.4 Translocations
 + Level 0.1 Transmutations
 + Level 0.4 Fire Magic
 + Level 0.2 Ice Magic
 + Level 0.1 Air Magic
 + Level 0.2 Earth Magic
 + Level 0.2 Poison Magic
 + Level 2.4 Evocations


You had 15 spell levels left.
You didn't know any spells.
Your spell library contained the following spells:

 Spells                   Type           Power      Damage    Failure   Level
 Magic Dart               Conj           0%         1d3       92%         1
 Sandblast                Erth           0%         2d4       92%         1
 Pain                     Necr           0%         1d4       93%         1
 Passwall                 Tmut/Erth      0%         N/A       98%         2
 Dazzling Flash           Conj/Hex       0%         N/A       100%        3
 Ignite Poison            Fire/Tmut/Pois 0%         N/A       100%        3
 Mephitic Cloud           Conj/Pois/Air  0%         N/A       100%        3
 Portal Projectile        Hex/Tloc       0%         N/A       100%        3
 Stone Arrow              Conj/Erth      0%         3d7       100%        3
 Vampiric Draining        Necr           0%         2d6       100%        3
 Cause Fear               Hex            0%         N/A       100%        4
 Iskenderun's Mystic Bla  Conj/Tloc      0%         2d3       100%        4
 Leda's Liquefaction      Hex/Erth       0%         N/A       100%        4
 Passage of Golubria      Tloc           0%         N/A       100%        4
 Agony                    Necr           0%         N/A       100%        5
 Blade Hands              Tmut           0%         N/A       100%        5
 Excruciating Wounds      Necr           0%         N/A       100%        5
 Fireball                 Conj/Fire      0%         3d3       100%        5
 Freezing Cloud           Conj/Ice/Air   0%         6-21      100%        5
 Irradiate                Conj/Tmut      0%         3d13      100%        5
 Iskenderun's Battlesphe  Conj           0%         2d6       100%        5
 Yara's Violent Unravell  Hex/Tmut       0%         3d3       100%        5
 Conjure Ball Lightning   Conj/Air       0%         3x3d6     100%        6
 Eringya's Noxious Bog    Tmut/Pois      0%         N/A       100%        6
 Starburst                Conj/Fire      0%         6d3       100%        6
 Dragon Form              Tmut           0%         N/A       100%        7
 Orb of Destruction       Conj           0%         9d5       100%        7
 Animate Skeleton         Necr           Unusable   N/A       N/A         1
 Call Imp                 Summ           Unusable   N/A       N/A         2
 Call Canine Familiar     Summ           Unusable   N/A       N/A         3
 Tukima's Dance           Hex            Unusable   N/A       N/A         3
 Summon Forest            Summ/Tloc      Unusable   N/A       N/A         5
 Summon Hydra             Summ           Unusable   N/A       N/A         7
 Dragon's Call            Summ           Unusable   N/A       N/A         9

Dungeon Overview and Level Annotations

Branches:
Dungeon (15/15)            Temple (1/1) D:5            Lair (6/6) D:11
 Shoals (2/4) Lair:2        Snake (0/4) Lair:4        Slime (0/5) Lair:5
    Orc (2/2) D:11            Elf (0/3) Orc:2        Vaults (0/5) D:13
 Depths (0/4) D:15        Ossuary (visited)

Altars:
Ashenzari
Cheibriados
Dithmenos
Elyvilon
Fedhas
Gozag
Hepliaklqana
Kikubaaqudgha
Makhleb
Nemelex Xobeh
Okawaru
Qazlal
Ru
Sif Muna
Trog
Uskayaw
Vehumet
Wu Jian
Xom
Yredelemnul
Zin
The Shining One
Jiyva

Shops:
D:11 [(   Orc:1 (![   Orc:2 [[*(:

Annotations:
Lair:5 1 runed translucent door


Innate Abilities, Weirdness & Mutations

You are too large for most types of armour.
You have claws for hands.
Your natural rate of healing is unusually fast.
You are covered in fur. (AC +1)
You have tough skin. (AC +1)
You have a pair of small horns on your head.
You are resistant to electric shocks. (rElec)
Your muscles are strong. (Str +2)


Message History

The merfolk siren chants its luring song.
The death yak completely misses you.
You eviscerate the death yak!!!
The death yak is heavily wounded.
You are engulfed in calcifying dust.
Your limbs have turned to stone.
The merfolk siren chants its luring song.
The death yak gores you.
You have turned to stone.
You are engulfed in calcifying dust.
The catoblepas gores you but does no damage.
The merfolk siren chants its luring song.
The death yak gores you!
You are engulfed in calcifying dust.
The catoblepas breathes a plume of calcifying dust at you.
The blast of calcifying dust hits you but does no damage.
The death yak gores you but does no damage.
You are engulfed in calcifying dust.
The catoblepas gores you!
* * * LOW HITPOINT WARNING * * *
The merfolk siren chants its luring song.
The death yak gores you!
* * * LOW HITPOINT WARNING * * *
The catoblepas gores you but does no damage.
The merfolk siren chants its luring song.
The death yak gores you!
* * * LOW HITPOINT WARNING * * *
The catoblepas gores you!
* * * LOW HITPOINT WARNING * * *
The death yak gores you!
* * * LOW HITPOINT WARNING * * *
You feel like a meek peon again. The catoblepas gores you!!
* * * LOW HITPOINT WARNING * * *
The death yak gores you!
* * * LOW HITPOINT WARNING * * *
The merfolk siren hits you from afar with a +3 spear.
The catoblepas gores you!!
* * * LOW HITPOINT WARNING * * *
The death yak gores you but does no damage.
The merfolk siren chants its luring song.
The catoblepas gores you!!
You die...

≈≈≈≈≈≈≈≈≈≈≈≈≈≈≈≈≈≈≈≈≈≈≈
≈≈≈≈≈≈≈≈≈≈≈≈≈≈≈≈≈≈≈≈≈≈≈≈
≈≈≈≈≈≈≈≈≈≈≈≈≈≈≈≈≈≈≈≈≈≈≈≈
≈≈≈≈≈≈≈≈≈≈≈≈≈≈.≈≈≈≈≈≈≈..
≈≈≈≈≈≈≈≈≈....≈≈≈≈≈≈≈....
≈≈≈.≈≈≈.......≈≈≈≈....≈≈
≈≈≈.......##............
≈≈≈...Y...###.....####..
≈≈..##@..###....## ###
≈≈≈ #.Y.≈.......## ≈
...m≈..≈...≈≈.##
≈....≈≈≈≈≈≈≈≈≈≈..#
≈≈≈≈...≈≈≈≈≈≈≈≈≈..##
≈≈≈≈(./.≈≈≈≈≈≈≈≈.##
≈≈.≈≈...≈≈≈≈≈≈≈≈.##
≈≈(≈≈....≈≈≈≈≈≈≈≈.##
≈≈≈≈≈≈≈≈..#####


You could see a death yak, a catoblepas and a merfolk siren (mesmerising).

Vanquished Creatures
  Nikola (Shoals:1)
  Frances (Shoals:1)
  Polyphemus (Shoals:2)
  Gastronok (D:8)
  Agnes (D:15)
  An ettin (D:15)
  Josephine (D:15)
  5 boulder beetles
  The ghost of Philosophunculist the Fighter, a journeyman HuFi of Yredelemnul (D:11)
  An ogre mage (D:15)
  8 hydras
  The ghost of Losyloc the Covert, a journeyman OpCK of Xom (D:10)
  8 vault guards (D:13)
  4 merfolk avatars
  An alligator snapping turtle (Shoals:2)
  Erica (D:10)
  6 centaur warriors
  7 two-headed ogres
  2 death yaks
  A merfolk aquamancer (Shoals:1)
  3 tengu warriors
  A satyr (Shoals:1)
  An orc high priest (Orc:2)
  The ghost of robertstho the Thaumaturge, a novice DjFE (D:6)
  Sonja (Lair:5)
  A deep troll (D:15)
  2 sea snakes
  An orc knight (D:15)
  Pikel (D:8)
  The ghost of kae the Firebug, a novice DgFE (D:7)
  4 deep elf pyromancers
  2 necromancers (D:15)
  12 ugly things
  An oklob plant (Shoals:1)
  16 manticores
  7 orc sorcerers
  6 cyclopes
  8 elephants
  13 fauns
  2 moths of wrath
  2 black mambas
  A water nymph (Shoals:2)
  4 merfolk sirens
  Joseph (D:7)
  2 torpor snails
  2 unseen horrors
  A gargoyle (D:11)
  12 cane toads
  13 komodo dragons
  Maggie (D:8)
  5 yaktaurs
  Psyche (D:8)
  4 rime drakes
  2 freezing wraiths
  4 tengu conjurers
  6 meliai
  2 wind drakes
  6 hornets (Lair:6)
  8 polar bears
  8 merfolk
  6 trolls
  17 slime creatures
  3 snapping turtles
  11 blink frogs
  8 dream sheep
  A blink frog (shapeshifter) (D:14)
  A shadow (D:11)
  17 spriggans
  2 water elementals (Shoals:1)
  6 wyverns
  53 yaks
  Grum (D:8)
  10 wraiths
  4 basilisks
  Edmund (D:5)
  10 vampire mosquitoes
  Menkaure (Ossuary)
  2 nagas (Lair:4)
  A steam dragon (D:7)
  4 wargs
  15 water moccasins
  2 acid dragons
  19 orc warriors
  3 ice beasts
  A swamp drake (Orc:2)
  A black bear (shapeshifter) (D:13)
  3 black bears
  3 boggarts (Lair:6)
  26 wolves
  14 ogres
  16 centaurs
  3 kobold brigands
  2 phantoms
  4 lemures (D:8)
  21 bullfrogs
  10 gnoll sergeants
  2 necrophages
  5 scorpions
  17 wights
  4 electric eels
  13 howler monkeys
  A crimson imp (Orc:2)
  3 hounds
  An iron imp (Orc:2)
  28 orc priests
  A jelly (D:6)
  3 gnoll shamans
  5 iguanas
  Jessica (D:2)
  32 orc wizards
  3 mummies (Ossuary)
  14 gnolls
  8 adders
  5 shadow imps
  2 white imps
  2 ufetubi
  A worm (D:4)
  3 dart slugs
  62 orcs
  6 endoplasms
  8 giant cockroaches
  7 goblins
  9 hobgoblins
  2 jackals (D:2)
  17 kobolds
  3 quokkas
  8 ball pythons
  3 bats
  A frilled lizard (D:1)
  2 gnoll skeletons (Ossuary)
  3 gnoll zombies (Ossuary)
  10 goblin skeletons (Ossuary)
  5 goblin zombies (Ossuary)
  2 hobgoblin skeletons (Ossuary)
  5 hobgoblin zombies (Ossuary)
  4 kobold skeletons (Ossuary)
  5 kobold zombies (Ossuary)
  4 orc skeletons (Ossuary)
  3 orc zombies (Ossuary)
  7 rats
  3 rat skeletons (Ossuary)
  4 rat zombies (Ossuary)
  A plant (Shoals:2)
862 creatures vanquished.

Vanquished Creatures (others)
  A centaur (D:8)
  An orc wizard (Orc:2)
  2 orcs (D:7)
  28 fungi
  70 plants
102 creatures vanquished.

Grand Total: 964 creatures vanquished

Notes
Turn   | Place    | Note
-------+----------+-------------------------------------------
     0 | D:1      | dohliylev the Troll Gladiator began the quest for the Orb.
     0 | D:1      | Reached XP level 1. HP: 19/19 MP: 0/0
    68 | D:1      | Reached XP level 2. HP: 21/27 MP: 1/1
   447 | D:1      | Reached XP level 3. HP: 34/35 MP: 2/2
   578 | D:1      | Found a faded altar of an unknown god.
   890 | D:2      | Noticed Jessica
   896 | D:2      | Killed Jessica
   897 | D:2      | Reached skill level 4 in Unarmed Combat
   950 | D:2      | Reached XP level 4. HP: 40/42 MP: 3/3
  1691 | D:3      | Noticed a necrophage
  1700 | D:3      | Killed a necrophage
  1701 | D:3      | Reached skill level 5 in Unarmed Combat
  1701 | D:3      | Reached XP level 5. HP: 48/49 MP: 4/4
  2247 | D:4      | Reached XP level 6. HP: 57/57 MP: 5/5
  2359 | D:4      | Reached skill level 6 in Unarmed Combat
  2733 | D:4      | Found a snail-covered altar of Cheibriados.
  3072 | D:4      | Identified the +4 robe of Parts Unknown {rF+ Will++}
  3476 | D:5      | Entered Level 5 of the Dungeon
  3478 | D:5      | Found a glowing golden altar of the Shining One.
  3552 | D:5      | Reached XP level 7. HP: 65/65 MP: 4/6
  3601 | D:5      | Found a staircase to the Ecumenical Temple.
  3646 | Temple   | Entered the Ecumenical Temple
  3669 | Temple   | Became a worshipper of Warmaster Okawaru
  3969 | D:5      | Reached skill level 5 in Dodging
  4187 | D:5      | Noticed Edmund
  4194 | D:5      | Killed Edmund
  4283 | D:5      | Reached XP level 8. HP: 65/74 MP: 5/7
  4505 | D:6      | Found a sand-covered staircase.
  4510 | Ossuary  | Entered an ossuary
  4763 | Ossuary  | Noticed Menkaure
  4770 | Ossuary  | Killed Menkaure
  4872 | D:6      | Reached * piety under Okawaru
  4963 | D:6      | Identified the +4 giant club of Causality {vorpal, rN+
                  | Str+3 Int+4}
  4963 | D:6      | Noticed a two-headed ogre
  4963 | D:6      | Noticed robertstho's ghost (novice DjFE)
  4964 | D:6      | Found a transporter.
  4969 | D:6      | Found a transporter.
  5169 | D:6      | Found a blossoming altar of Fedhas.
  5213 | D:6      | Reached ** piety under Okawaru
  5214 | D:6      | Reached XP level 9. HP: 76/83 MP: 6/8
  5491 | D:6      | Reached skill level 1 in Shields
  6225 | D:7      | Identified the +5 great mace of Frustration {vorpal, rElec
                  | rPois}
  6739 | D:8      | Noticed Gastronok
  6747 | D:8      | Noticed Pikel
  6766 | D:8      | Killed Pikel
  6767 | D:8      | Reached skill level 7 in Unarmed Combat
  6818 | D:8      | Noticed Psyche
  6827 | D:8      | Killed Psyche
  6827 | D:8      | Reached *** piety under Okawaru
  6888 | D:8      | Reached skill level 8 in Unarmed Combat
  6923 | D:8      | Reached XP level 10. HP: 92/92 MP: 9/9
  7224 | D:8      | Killed Gastronok
  7224 | D:8      | Reached **** piety under Okawaru
  7225 | D:8      | Reached skill level 5 in Shields
  7225 | D:8      | Reached skill level 9 in Unarmed Combat
  7779 | D:7      | Reached skill level 10 in Unarmed Combat
  7938 | D:7      | Found a transporter.
  7950 | D:7      | Noticed Joseph
  7984 | D:7      | Killed Joseph
  7984 | D:7      | Received a gift from Okawaru
  8157 | D:7      | Noticed a two-headed ogre
  8158 | D:7      | Noticed a moth of wrath
  8342 | D:7      | Found a transporter.
  8342 | D:7      | Noticed kae's ghost (novice DgFE)
  8372 | D:7      | Found a bloodstained altar of Trog.
  8696 | D:8      | Noticed Maggie
  8697 | D:8      | Noticed Grum
  8705 | D:8      | Killed Grum
  8749 | D:8      | Reached skill level 11 in Unarmed Combat
  8764 | D:8      | Killed Maggie
  8765 | D:8      | Reached XP level 11. HP: 73/100 MP: 5/10
  9309 | D:9      | Identified the +3 robe of Ihiumyh {Contam rElec Will+
                  | Str+9}
  9567 | D:9      | Found a shimmering blue altar of Sif Muna.
  9571 | D:9      | Found a basalt altar of Yredelemnul.
  9576 | D:9      | Found a radiant altar of Vehumet.
  9643 | D:9      | Reached ***** piety under Okawaru
 10035 | D:10     | Entered Level 10 of the Dungeon
 10130 | D:10     | Gained mutation: You are frail. (-10% HP) [mutagenic glow]
 10208 | D:10     | Found a runed translucent door.
 10212 | D:10     | Reached skill level 12 in Unarmed Combat
 10221 | D:10     | Identified the +9 trident of the Special Coins {vorpal,
                  | rCorr Int+8 Dex-3}
 10221 | D:10     | Noticed Losyloc's ghost (journeyman OpCK)
 10493 | D:10     | Received a gift from Okawaru
 10526 | D:10     | Reached skill level 1 in Armour
 10656 | D:10     | Noticed Erica
 10688 | D:10     | Killed Erica
 10911 | D:10     | HP: 2/90 [Losyloc's ghost (3)]
 10999 | D:10     | Reached skill level 5 in Fighting
 11268 | D:6      | Killed a two-headed ogre
 11282 | D:6      | Killed robertstho's ghost
 11282 | D:6      | Received a gift from Okawaru
 11417 | D:7      | Killed a two-headed ogre
 11527 | D:7      | Reached skill level 5 in Throwing
 11534 | D:7      | Killed kae's ghost
 11534 | D:7      | Received a gift from Okawaru
 11535 | D:7      | Reached XP level 12. HP: 53/99 MP: 5/11
 11896 | D:10     | Killed Losyloc's ghost
 11896 | D:10     | Identified the +0 kite shield of the Kangaroo {rElec}
                  | (Okawaru gifted it to you on level 10 of the Dungeon)
 11896 | D:10     | Received a gift from Okawaru
 11963 | D:11     | Found a transporter.
 11973 | D:11     | Found a transporter.
 11978 | D:11     | Noticed Philosophunculist's ghost (journeyman HuFi)
 12007 | D:11     | Found Sovyutz's Weapon Shop.
 12072 | D:11     | Noticed a centaur warrior
 12078 | D:11     | Noticed a boulder beetle
 12082 | D:11     | Killed a centaur warrior
 12092 | D:11     | Killed a boulder beetle
 12201 | D:11     | Found a staircase to the Lair.
 12294 | D:11     | Reached ****** piety under Okawaru
 12295 | D:11     | Reached skill level 10 in Dodging
 12630 | D:11     | Found a staircase to the Orcish Mines.
 12723 | D:11     | Found Imumeov's Armour Emporium.
 12919 | Orc:1    | Entered Level 1 of the Orcish Mines
 12921 | Orc:1    | Found Xodgha's Distillery.
 13007 | Orc:1    | Found Soeblyt's Armour Emporium.
 13118 | Orc:1    | Received a gift from Okawaru
 13173 | Orc:1    | Found Puroc's Firing Range.
 13694 | Orc:2    | Entered Level 2 of the Orcish Mines
 13694 | Orc:2    | Found Ykiocs's Book Shop.
 13757 | Orc:2    | Found a staircase to the Elven Halls.
 14227 | Orc:2    | Received a gift from Okawaru
 14228 | Orc:2    | Reached XP level 13. HP: 114/114 MP: 12/12
 14387 | Orc:2    | Paralysed by an orc sorcerer for 3 turns
 14397 | Orc:2    | Received a gift from Okawaru
 14598 | Orc:2    | Reached skill level 13 in Unarmed Combat
 14715 | Orc:2    | Found Ziech's Armour Emporium.
 14715 | Orc:2    | Found Jenewkilau's Armour Emporium.
 14716 | Orc:2    | Found Haeroz's General Store.
 14720 | Orc:2    | Found Atomos's Weapon Shoppe.
 15047 | Lair:1   | Entered Level 1 of the Lair of Beasts
 15334 | Lair:1   | Lost mutation: You are frail. (-10% HP) [potion of
                  | mutation]
 15334 | Lair:1   | Gained mutation: You have hidden genetic potential. [potion
                  | of mutation]
 15335 | Lair:1   | Lost mutation: You have hidden genetic potential. [potion
                  | of mutation]
 15335 | Lair:1   | Gained mutation: You are clumsy. (Dex -2) [potion of
                  | mutation]
 15335 | Lair:1   | Gained mutation: You have a somewhat thin skeletal
                  | structure. (Dex +2, Stealth+) [potion of mutation]
 15335 | Lair:1   | Gained mutation: You sometimes lose the ability to read
                  | scrolls when taking damage. [potion of mutation]
 15335 | Lair:1   | Gained mutation: Your flesh is heat resistant. (rF+)
                  | [potion of mutation]
 15336 | Lair:1   | Lost mutation: You have a somewhat thin skeletal structure.
                  | (Dex +2, Stealth+) [potion of mutation]
 15336 | Lair:1   | Lost mutation: Your flesh is heat resistant. (rF+) [potion
                  | of mutation]
 15336 | Lair:1   | Lost mutation: You are clumsy. (Dex -2) [potion of
                  | mutation]
 15336 | Lair:1   | Gained mutation: You have hidden genetic defects. [potion
                  | of mutation]
 15336 | Lair:1   | Gained mutation: You have a pair of small horns on your
                  | head. [potion of mutation]
 15336 | Lair:1   | Lost mutation: You have a pair of small horns on your head.
                  | [potion of mutation]
 15337 | Lair:1   | Lost mutation: You have hidden genetic defects. [potion of
                  | mutation]
 15337 | Lair:1   | Lost mutation: You sometimes lose the ability to read
                  | scrolls when taking damage. [potion of mutation]
 15337 | Lair:1   | Gained mutation: Your muscles are strong. (Str +2) [potion
                  | of mutation]
 15337 | Lair:1   | Gained mutation: You are resistant to electric shocks.
                  | (rElec) [potion of mutation]
 15337 | Lair:1   | Gained mutation: You have a pair of small horns on your
                  | head. [potion of mutation]
 16005 | Lair:2   | Reached skill level 14 in Unarmed Combat
 16159 | Lair:2   | Received a gift from Okawaru
 16597 | Lair:2   | Found a staircase to the Shoals.
 16958 | Lair:3   | You fall into a shaft and drop 1 floor!
 16977 | Lair:4   | Reached skill level 15 in Unarmed Combat
 17689 | Lair:4   | Received a gift from Okawaru
 17697 | Lair:4   | Reached XP level 14. HP: 136/136 MP: 13/13
 17747 | Lair:4   | Found a staircase to the Snake Pit.
 18234 | Lair:4   | Reached skill level 1 in Polearms
 18234 | Lair:4   | Reached skill level 16 in Unarmed Combat
 18282 | Lair:4   | Received a gift from Okawaru
 19402 | Lair:5   | Identified the +1 robe "Loagiguk" {rF+ rCorr} (Okawaru
                  | gifted it to you on level 5 of the Lair of Beasts)
 19402 | Lair:5   | Received a gift from Okawaru
 19438 | Lair:5   | Found a runed translucent door.
 19598 | Lair:5   | Found a viscous altar of Jiyva.
 19601 | Lair:5   | Noticed an acid blob
 19760 | Lair:5   | Noticed Sonja
 19770 | Lair:5   | Killed Sonja
 19895 | Lair:5   | Noticed an acid blob
 19899 | Lair:5   | Found a staircase to the Slime Pits.
 20005 | Lair:6   | Entered Level 6 of the Lair of Beasts
 21283 | Lair:6   | Received a gift from Okawaru
 22051 | D:12     | Reached skill level 17 in Unarmed Combat
 22178 | D:12     | You fall into a shaft and drop 1 floor!
 22273 | D:13     | Received a gift from Okawaru
 22523 | D:13     | Reached XP level 15. HP: 143/143 MP: 14/14
 22693 | D:13     | Received a gift from Okawaru
 22818 | D:13     | Found a gate to the Vaults.
 23383 | D:11     | Killed Philosophunculist's ghost
 23729 | D:13     | Found a hazy altar of Hepliaklqana.
 24246 | D:14     | Identified the +5 dire flail of the Realm of Zot {vorpal,
                  | rCorr Int+4}
 24511 | Arena    | Entered the Arena
 24607 | D:14     | Reached skill level 18 in Unarmed Combat
 25261 | D:15     | Entered Level 15 of the Dungeon
 25342 | D:15     | Identified the +1 robe "Punogir" {Harm rCorr MP-9 SInv}
                  | (Okawaru gifted it to you on level 15 of the Dungeon)
 25342 | D:15     | Received a gift from Okawaru
 25437 | D:15     | Noticed Josephine
 25442 | D:15     | Killed Josephine
 25463 | D:15     | Noticed Agnes
 25479 | D:15     | Killed Agnes
 25522 | Arena    | Entered the Arena
 25847 | D:15     | Found a staircase to the Depths.
 25918 | D:15     | Found a radiant altar of Vehumet.
 26205 | D:15     | Reached skill level 19 in Unarmed Combat
 26368 | D:15     | Reached skill level 1 in Evocations
 26796 | Shoals:1 | Entered Level 1 of the Shoals
 26822 | Shoals:1 | Reached XP level 16. HP: 117/153 MP: 12/15
 27033 | Shoals:1 | Identified the +0 cloak of Polytheism {rF+ Int+8} (Okawaru
                  | gifted it to you on level 1 of the Shoals)
 27033 | Shoals:1 | Received a gift from Okawaru
 27349 | Shoals:1 | Found an ancient bone altar of Kikubaaqudgha.
 27546 | Shoals:1 | Noticed Frances
 27555 | Shoals:1 | Noticed Nikola
 27575 | Shoals:1 | Killed Nikola
 27598 | Shoals:1 | Killed Frances
 28909 | Shoals:2 | Noticed Polyphemus
 28930 | Shoals:2 | Killed Polyphemus
 28938 | Shoals:2 | HP: 3/154 [catoblepas[Polyphemus] (11)]
 28939 | Shoals:2 | Mangled by a catoblepas

Illustrated notes

Levels and vault maps discovered:
D:1:      onia_arrival_pyramid, layout_basic, ebering_ecumenical_altar_webs,
          minmay_worlds_worst_comb
D:2:      layout_loops_cross, serial_bayou, serial_bayou_shore_a,
          serial_bayou_lagoon_a, serial_bayou_ford_a, serial_bayou_pond_e,
          uniq_jessica
D:3:      layout_loops_ring
D:4:      layout_layer_cave, chei_slow_surprise, st_stairs_13,
          grunt_ministairs_6
D:5:      layout_basic, mainiacjoe_overflow_concentric_impassable,
          temple_pool_b, uniq_edmund
D:6:      layout_basic, pf_just_have_faith,
          nicolae_ossuary_entry_false_entrances, gammafunk_ghost_smash
D:7:      layout_basic, gammafunk_ghost_wrathful_warriors,
          kennysheep_decorative_pillar, uniq_joseph
D:8:      layout_basic, pf_guarded_unrand_woodcutter, uniq_psyche,
          uniq_gastronok, uniq_grum, uniq_maggie, uniq_pikel
D:9:      layout_long_grid, minmay_overflow_temple_star_quad, st_stairs_14
D:10:     layout_roguey, ebering_ghost_funeral_grove, uniq_erica
D:11:     layout_roguey, david_lair_shrubbed, erik_orc_4, serial_shops, shop,
          shop_fountains, gammafunk_ghost_berserking_beasts,
          minmay_the_grid_square_5x5_3x3_mashed
          [minmay_the_grid_square_5x5_comb, minmay_the_grid_square_5x5_moneybag,
          minmay_the_grid_square_5x5_slash,
          minmay_the_grid_square_5x5_tri_point,
          minmay_the_grid_square_5x5_megaprize_checkered,
          minmay_the_grid_square_5x5_forky,
          minmay_the_grid_square_5x5_six_small,
          minmay_the_grid_square_5x5_shrine2,
          minmay_the_grid_square_5x5_sharp_hourglass]
D:12:     layout_long_grid
D:13:     layout_roguey, erik_vaults_2, serial_corexii_hall,
          chequers_hall_statues_y, corexii_hall_statues_l,
          nicolae_hepliaklqana_hippocampus
D:14:     layout_irregular_city
D:15:     hangedman_depths_entry_civil_slaughter, layout_long_grid,
          nicolae_concentric_dashed_squares_mild, nicolae_vehumet_altar_sigil,
          uniq_josephine, uniq_agnes
Temple:   eino_temple_scatter_basement
Lair:1:   layout_chaotic_city, grunt_megastairs_2, lemuel_fruit_tree,
          infiniplex_staircase_pool
Lair:2:   layout_hall_layers, elwin_shoals_entry_rooms
Lair:3:   layout_chaotic_city, fungi_pond_lemuel
Lair:4:   layout_small_grid, guppyfry_snake_entry_island, grunt_megastairs_4
Lair:5:   layout_cave_pods, slime_altar_2, cheibrodos_lair_reptile_den,
          uniq_sonja
Lair:6:   minmay_lair_end_enchanted_forest, layout_cave_shapes
Shoals:1: layout_shoals, nicolae_shoals_lost_giant_pillars, lemuel_oklob_altar,
          uniq_nikola, uniq_frances
Shoals:2: layout_shoals, uniq_polyphemus
Orc:1:    minmay_goldmine, layout_caves, serial_shops, shop, shop_statue,
          nicolae_shop_firing_range
Orc:2:    st_orc_mages, layout_caves, serial_shops, shop, hangedman_minor_magic

Skill      XL: |  1  2  3  4  5  6  7  8  9 10 11 12 13 14 15 16 |
---------------+-------------------------------------------------+-----
Throwing       | 2 3 4 5 6 7 8 |  8.1
Unarmed Combat | 4 5 6 8 11 12 15 17 19 | 19.9
Dodging        | 3 4 5 7 8 9 10 11 12 | 12.8
Fighting       | 2 3 4 5 7 8 |  8.9
Shields        | 4 6 7 8 |  8.0
Armour         | 4 |  4.0
Polearms       | 1 |  1.4
Evocations     | 1 2 |  2.4
Short Blades   | |  0.2
Long Blades    | |  0.4
Axes           | |  0.3
Maces & Flails | |  0.2
Staves         | |  0.2
Slings         | |  0.3
Bows           | |  0.1
Crossbows      | |  0.1
Conjurations   | |  0.3
Hexes          | |  0.1
Summonings     | |  0.1
Necromancy     | |  0.2
Translocations | |  0.4
Transmutations | |  0.1
Fire Magic     | |  0.4
Ice Magic      | |  0.2
Air Magic      | |  0.1
Earth Magic    | |  0.2
Poison Magic   | |  0.2

Action                   |  1- 3 |  4- 6 |  7- 9 | 10-12 | 13-15 | 16-18 || total
-------------------------+-------+-------+-------+-------+-------+-------++-------
Melee: Unarmed           |    77 |   138 |   344 |   694 |  1206 |   218 ||  2677
       Punch             |     1 |     5 |     6 |       |       |       ||    12
       Headbutt          |       |       |       |       |   225 |    55 ||   280
       Trident           |       |       |       |       |    87 |       ||    87
Throw: Large rock        |       |     3 |     2 |       |    29 |    52 ||    86
       Throwing net      |       |     1 |     1 |       |     3 |       ||     5
       Boomerang         |       |       |       |    96 |    67 |       ||   163
       Javelin           |       |       |       |       |    32 |    15 ||    47
Invok: Heroism           |       |       |     1 |    11 |     7 |     2 ||    21
       Finesse           |       |       |       |       |     1 |       ||     1
       Duel              |       |       |       |       |     2 |       ||     2
Evoke: Tin of tremorston |       |       |       |     2 |       |       ||     2
       Wand              |       |       |       |       |    23 |       ||    23
  Use: Scroll            |       |       |     9 |     8 |    16 |     1 ||    34
       Potion            |       |       |       |       |     4 |       ||     4
 Stab: Sleeping          |     1 |     1 |       |       |       |       ||     2
       Held in net/web   |       |       |     1 |       |       |       ||     1
       Petrifying        |       |       |       |       |       |     1 ||     1
Armor: Robe              |    22 |    13 |    52 |    64 |       |       ||   151
       Pearl dragon scal |       |       |       |   146 |   438 |    50 ||   634
Dodge: Dodged            |    55 |    87 |   178 |   392 |   919 |   137 ||  1768
Block: Kite shield       |       |       |    48 |   338 |   636 |    85 ||  1107

Table legend: (Time is in decaauts)
 A = Elapsed time spent in this place.
 B = Non-inter-level travel time spent in this place.
 C = Inter-level travel time spent in this place.
 D = Time resting spent in this place.
 E = Time spent auto-exploring this place.
 F = Levels seen in this place.
 G = Mean time per level.
                   A        B        C        D        E       F      G
               +--------+--------+--------+--------+--------+-----+--------+
         Total |  28925 |  26788 |   2137 |   3828 |  14963 |  29 |  997.4 |
       Dungeon |  17152 |  15584 |   1568 |   1937 |   9251 |  15 | 1143.5 |
        Temple |    193 |    175 |     18 |      0 |    153 |   1 |  193.0 |
          Lair |   6854 |   6405 |    449 |    804 |   3763 |   6 | 1142.3 |
        Shoals |   2256 |   2245 |     11 |    698 |    769 |   2 | 1128.0 |
  Orcish Mines |   2080 |   1990 |     90 |    348 |    985 |   2 | 1040.0 |
       Ossuary |    336 |    336 |      0 |     20 |     41 |   1 |  336.0 |
         Arena |     51 |     51 |      0 |     21 |      0 |   2 |   25.5 |
               +--------+--------+--------+--------+--------+-----+--------+

Top non-repeatable levels by time:
  Lair:6: 1721 daAuts
     D:6: 1646 daAuts
     D:7: 1642 daAuts
Shoals:1: 1509 daAuts
     D:8: 1479 daAuts
     D:4: 1456 daAuts
  Lair:4: 1415 daAuts
    D:10: 1399 daAuts
    D:13: 1346 daAuts
    D:15: 1285 daAuts
   Orc:2: 1271 daAuts
    D:11: 1236 daAuts
    D:14: 1179 daAuts
  Lair:2: 1172 daAuts
     D:9: 1013 daAuts
